TOP OF THE 1ST |
Mexico City Conquistadors batting - Pitching for Guadalajara Marianchis : RHP Glenn Fisher
|
Pitching: RHP Glenn Fisher
|
|
Batting: RHB Brad Komminsk
|
0-0: Ball 1-0: Called Strike 1-1: Fly out, F8 (Flyball, 8RD, EV 78.1 MPH)
|
Batting: RHB German Rivera
|
0-0: Called Strike 0-1: Ball 1-1: Ball 2-1: Ball 3-1: Called Strike 3-2: Foul Ball, location: 2F 3-2: Foul Ball, location: 2F 3-2: Base on Balls
|
Batting: LHB John Kruk
|
0-0: Ball Pickoff Throw to First - Error! E1 German Rivera to second 1-0: Swinging Strike 1-1: Ball 2-1: Ball 3-1: Base on Balls
|
Batting: RHB George Gomez
|
0-0: Ball 1-0: Called Strike 1-1: Ball 2-1: Ball 3-1: Base on Balls German Rivera to third John Kruk to second
|
Batting: RHB Chris James
|
0-0: Called Strike 0-1: Ball 1-1: Ball 2-1: Foul Ball, location: 2F 2-2: Ball 3-2: Foul Ball, location: 2F 3-2: Foul Ball, location: 2F 3-2: Grounds into double play, 5-4-3 (Groundball, 56, EV 102.5 MPH)
|
Top of the 1st over - 0 runs, 0 hits, 1 error, 2 left on base; Mexico City 0 - Guadalajara 0 |
BOTTOM OF THE 1ST |
Guadalajara Marianchis batting - Pitching for Mexico City Conquistadors : LHP Dom Chiti
|
Pitching: LHP Dom Chiti
|
|
Batting: RHB Jack Lopez
|
0-0: Ball 1-0: Swinging Strike 1-1: Ball 2-1: Foul Ball, location: 2F 2-2: Ball 3-2: Foul Ball, location: 2F 3-2: SINGLE (Groundball, 56S, EV 96.9 MPH)
|
Batting: RHB Steven Patterson
|
0-0: Ball 1-0: Fly out, F9 (Flyball, 9LS, EV 95.6 MPH)
|
Batting: SHB Spike Owen
|
0-0: Fielders Choice at 2nd, 4-6 (Groundball, 4, EV 101.3 MPH)
|
Batting: RHB George Foussianes
|
0-0: SINGLE (Flyball, 89S, EV 91.9 MPH) Spike Owen to second Runner from 2nd tries for 3rd, SAFE, throw by RF made to third
|
Batting: RHB Mark Maher
|
0-0: Called Strike 0-1: Ball 1-1: Called Strike 1-2: Ball 2-2: Fly out, F8 (Flyball, 8RXD, EV 99.4 MPH)
|
Bottom of the 1st over - 0 runs, 2 hits, 0 errors, 2 left on base; Mexico City 0 - Guadalajara 0 |
TOP OF THE 2ND |
Mexico City Conquistadors batting - Pitching for Guadalajara Marianchis : RHP Glenn Fisher
|
Batting: RHB Mariano Duncan
|
0-0: Ball 1-0: Called Strike 1-1: Called Strike 1-2: Ball 2-2: Ball 3-2: Fly out, F3 (Popup, 3F, EV 70.6 MPH)
|
Batting: RHB Jorge Villalobos
|
0-0: Ball 1-0: Called Strike 1-1: SINGLE (Line Drive, 8RS, EV 108.8 MPH)
|
Batting: RHB Steve Liddle
|
0-0: Ball Jorge Villalobos is caught stealing 2nd base 2-4 1-0: Called Strike 1-1: Swinging Strike 1-2: Ball 2-2: Ball 3-2: Base on Balls
|
Batting: RHB Jose Maldonado
|
0-0: Ball Wild Pitch! Steve Liddle to second 1-0: Ball 2-0: Foul Ball, location: 2F 2-1: Called Strike 2-2: Foul Ball, location: 2F 2-2: Foul Ball, location: 2F 2-2: Strikes out swinging
|
Top of the 2nd over - 0 runs, 1 hit, 0 errors, 1 left on base; Mexico City 0 - Guadalajara 0 |
BOTTOM OF THE 2ND |
Guadalajara Marianchis batting - Pitching for Mexico City Conquistadors : LHP Dom Chiti
|
Batting: RHB Jeff Rudolph
|
0-0: Ball 1-0: Foul Ball, location: 2F 1-1: Ground out 5-3 (Groundball, 5, EV 105.6 MPH)
|
Batting: LHB Erik Nelson
|
0-0: Called Strike 0-1: Ball 1-1: Called Strike 1-2: Ball 2-2: Ball 3-2: Foul Ball, location: 2F 3-2: Fly out, F7 (Line Drive, 7, EV 88.1 MPH)
|
Batting: RHB Jose Gonzalez
|
0-0: Ball 1-0: Swinging Strike 1-1: Ball 2-1: Foul Ball, location: 2F 2-2: SINGLE (Groundball, 5D, EV 97.5 MPH)
|
Batting: LHB Arnulfo Camacho
|
0-0: Called Strike 0-1: SINGLE (Line Drive, 4MD, EV 107.5 MPH) Jose Gonzalez to second
|
Batting: RHB Jack Lopez
|
0-0: Called Strike 0-1: Ball 1-1: Ball 2-1: Swinging Strike 2-2: Strikes out swinging
|
Bottom of the 2nd over - 0 runs, 2 hits, 0 errors, 2 left on base; Mexico City 0 - Guadalajara 0 |
TOP OF THE 3RD |
Mexico City Conquistadors batting - Pitching for Guadalajara Marianchis : RHP Glenn Fisher
|
Batting: RHB Brad Komminsk
|
0-0: Ball 1-0: Ball 2-0: Ball 3-0: Base on Balls
|
Batting: RHB German Rivera
|
0-0: Ball 1-0: Ball 2-0: Called Strike 2-1: Called Strike 2-2: Ball 3-2: Foul Ball, location: 2F 3-2: Strikes out swinging Brad Komminsk steals 2nd base (no throw) Batter strikes out.
|
Batting: LHB John Kruk
|
0-0: Swinging Strike 0-1: Called Strike 0-2: Strikes out swinging
|
Batting: RHB George Gomez
|
0-0: Ball 1-0: Fly out, F8 (Flyball, 8RS, EV 93.8 MPH)
|
Top of the 3rd over - 0 runs, 0 hits, 0 errors, 1 left on base; Mexico City 0 - Guadalajara 0 |
BOTTOM OF THE 3RD |
Guadalajara Marianchis batting - Pitching for Mexico City Conquistadors : LHP Dom Chiti
|
Batting: RHB Steven Patterson
|
0-0: Swinging Strike 0-1: Ball 1-1: Foul Ball, location: 2F 1-2: Ball 2-2: Ball 3-2: Strikes out looking
|
Batting: SHB Spike Owen
|
0-0: Foul Ball, location: 2F 0-1: Ball 1-1: Ball 2-1: Foul Ball, location: 2F 2-2: Ball 3-2: Fly out, F8 (Flyball, 8RD, EV 78.1 MPH)
|
Batting: RHB George Foussianes
|
0-0: Ball 1-0: Ground out 6-3 (Groundball, 6, EV 94.4 MPH)
|
Bottom of the 3rd over - 0 runs, 0 hits, 0 errors, 0 left on base; Mexico City 0 - Guadalajara 0 |
TOP OF THE 4TH |
Mexico City Conquistadors batting - Pitching for Guadalajara Marianchis : RHP Glenn Fisher
|
Batting: RHB Chris James
|
0-0: Ball 1-0: Ball 2-0: Ball 3-0: Called Strike 3-1: Called Strike 3-2: Foul Ball, location: 2F 3-2: SINGLE (Groundball, 6MD, EV 95.6 MPH)
|
Batting: RHB Mariano Duncan
|
0-0: Foul Ball, location: 2F 0-1: Sac Bunt to 15S - play at first, batter OUT! 1-3 Chris James to second
|
Batting: RHB Jorge Villalobos
|
0-0: Called Strike 0-1: Hit by Pitch
|
Batting: RHB Steve Liddle
|
0-0: Called Strike 0-1: Ball 1-1: Foul Ball, location: 2F 1-2: Grounds into double play, 6-4-3 (Groundball, 6, EV 89.4 MPH)
|
Top of the 4th over - 0 runs, 1 hit, 0 errors, 1 left on base; Mexico City 0 - Guadalajara 0 |
BOTTOM OF THE 4TH |
Guadalajara Marianchis batting - Pitching for Mexico City Conquistadors : LHP Dom Chiti
|
Batting: RHB Mark Maher
|
0-0: Ball 1-0: Swinging Strike 1-1: Ball 2-1: Foul Ball, location: 2F 2-2: Ball 3-2: Foul Ball, location: 2F 3-2: Foul Ball, location: 2F 3-2: Foul Ball, location: 2F 3-2: Base on Balls
|
Batting: RHB Jeff Rudolph
|
0-0: Ball 1-0: Foul Ball, location: 2F 1-1: Ball 2-1: Ball 3-1: Foul Ball, location: 2F 3-2: Strikes out looking
|
Batting: LHB Erik Nelson
|
0-0: Ball 1-0: Ball 2-0: Ball 3-0: Called Strike 3-1: Called Strike 3-2: Base on Balls Mark Maher to second
|
Batting: RHB Jose Gonzalez
|
0-0: Called Strike 0-1: Ball 1-1: Called Strike 1-2: Ball 2-2: Foul Ball, location: 2F 2-2: Ball 3-2: Foul Ball, location: 2F 3-2: Reached on error, E6 (Groundball, 6, EV 87.5 MPH) Mark Maher to third Erik Nelson to second
|
Batting: LHB Arnulfo Camacho
|
0-0: Ball 1-0: Called Strike 1-1: Foul Ball, location: 2F 1-2: Ball 2-2: Ball 3-2: Foul Ball, location: 2F 3-2: Strikes out swinging
|
Batting: RHB Jack Lopez
|
0-0: Ball 1-0: Ball 2-0: Ball 3-0: Called Strike 3-1: Foul Ball, location: 2F 3-2: Ground out 4-3 (Groundball, 4, EV 97.5 MPH)
|
Bottom of the 4th over - 0 runs, 0 hits, 1 error, 3 left on base; Mexico City 0 - Guadalajara 0 |
TOP OF THE 5TH |
Mexico City Conquistadors batting - Pitching for Guadalajara Marianchis : RHP Glenn Fisher
|
Batting: RHB Jose Maldonado
|
0-0: Reached on error, E1 (Groundball, 34S, EV 71.3 MPH)
|
Batting: RHB Brad Komminsk
|
0-0: Ball 1-0: Ball 2-0: Called Strike 2-1: Ball 3-1: Called Strike 3-2: Foul Ball, location: 2F 3-2: Foul Ball, location: 2F 3-2: Foul Ball, location: 2F 3-2: Base on Balls Jose Maldonado to second
|
Batting: RHB German Rivera
|
0-0: Ball 1-0: Grounds into double play, 6-4-3 (Groundball, 6, EV 88.8 MPH) Jose Maldonado to third
|
Batting: LHB John Kruk
|
0-0: Ball 1-0: Ground out 4-3 (Groundball, 34D, EV 81.9 MPH)
|
Top of the 5th over - 0 runs, 0 hits, 1 error, 1 left on base; Mexico City 0 - Guadalajara 0 |
BOTTOM OF THE 5TH |
Guadalajara Marianchis batting - Pitching for Mexico City Conquistadors : LHP Dom Chiti
|
Batting: RHB Steven Patterson
|
0-0: Called Strike 0-1: Called Strike 0-2: Strikes out swinging, 2-3 out at first.
|
Batting: SHB Spike Owen
|
0-0: Ground out 5-3 (Groundball, 56S, EV 81.3 MPH)
|
Batting: RHB George Foussianes
|
0-0: Ball 1-0: Ball 2-0: Ball 3-0: Called Strike 3-1: Base on Balls
|
Batting: RHB Mark Maher
|
0-0: Ball 1-0: Swinging Strike 1-1: Ground out 4-3 (Groundball, 34, EV 90.6 MPH)
|
Bottom of the 5th over - 0 runs, 0 hits, 0 errors, 1 left on base; Mexico City 0 - Guadalajara 0 |
TOP OF THE 6TH |
Mexico City Conquistadors batting - Pitching for Guadalajara Marianchis : RHP Glenn Fisher
|
Batting: RHB George Gomez
|
0-0: Swinging Strike 0-1: Fly out, F9 (Flyball, 89S, EV 79.4 MPH)
|
Batting: RHB Chris James
|
0-0: Ball 1-0: Foul Ball, location: 2F 1-1: Foul Ball, location: 2F 1-2: Strikes out swinging
|
Batting: RHB Mariano Duncan
|
0-0: Ball 1-0: Foul Ball, location: 2F 1-1: Ball 2-1: Ball 3-1: Foul Ball, location: 2F 3-2: Base on Balls
|
Batting: RHB Jorge Villalobos
|
0-0: Ball 1-0: Called Strike 1-1: Ball 2-1: SINGLE (Groundball, 56D, EV 93.8 MPH) Mariano Duncan to second
|
Batting: RHB Steve Liddle
|
0-0: Called Strike 0-1: Ball 1-1: Foul Ball, location: 2F 1-2: Ball 2-2: Foul Ball, location: 2F 2-2: SINGLE (Groundball, 6D, EV 95.6 MPH) Mariano Duncan to third Jorge Villalobos to second Runner from 3rd tries for Home, SAFE, throw by CF to home
|
Batting: RHB Jose Maldonado
|
0-0: Foul Ball, location: 2F 0-1: Ball 1-1: Ball 2-1: Foul Ball, location: 2F 2-2: Ball 3-2: Foul Ball, location: 2F 3-2: Strikes out swinging
|
Top of the 6th over - 1 run, 2 hits, 0 errors, 2 left on base; Mexico City 1 - Guadalajara 0 |
BOTTOM OF THE 6TH |
Guadalajara Marianchis batting - Pitching for Mexico City Conquistadors : LHP Dom Chiti
|
Batting: RHB Jeff Rudolph
|
0-0: Ball 1-0: Foul Ball, location: 2F 1-1: Ball 2-1: Foul Ball, location: 2F 2-2: Ground out 6-3 (Groundball, 6, EV 85.6 MPH)
|
Batting: LHB Erik Nelson
|
0-0: Foul Ball, location: 2F 0-1: Ground out 4-3 (Groundball, 4MS, EV 78.1 MPH)
|
Batting: RHB Jose Gonzalez
|
0-0: Ball 1-0: Ground out 4-3 (Groundball, 4M, EV 81.3 MPH)
|
Bottom of the 6th over - 0 runs, 0 hits, 0 errors, 0 left on base; Mexico City 1 - Guadalajara 0 |
TOP OF THE 7TH |
Mexico City Conquistadors batting - Pitching for Guadalajara Marianchis : RHP Glenn Fisher
|
Batting: RHB Brad Komminsk
|
0-0: Fly out, F8 (Flyball, 8RD, EV 101.3 MPH)
|
Batting: RHB German Rivera
|
0-0: Ball 1-0: Foul Ball, location: 2F 1-1: Ground out 6-3 (Groundball, 6S, EV 88.1 MPH)
|
Batting: LHB John Kruk
|
0-0: Foul Ball, location: 2F 0-1: Ball 1-1: Foul Ball, location: 2F 1-2: Ball 2-2: Strikes out swinging
|
Top of the 7th over - 0 runs, 0 hits, 0 errors, 0 left on base; Mexico City 1 - Guadalajara 0 |
BOTTOM OF THE 7TH |
Guadalajara Marianchis batting - Pitching for Mexico City Conquistadors : LHP Dom Chiti
|
Batting: LHB Arnulfo Camacho
|
0-0: Ball 1-0: Ground out 4-3 (Groundball, 4, EV 81.3 MPH)
|
Batting: RHB Jack Lopez
|
0-0: Ball 1-0: Ball 2-0: Ball 3-0: Base on Balls
|
Batting: RHB Steven Patterson
|
0-0: Grounds into double play, 5-4-3 (Groundball, 56S, EV 79.4 MPH)
|
Bottom of the 7th over - 0 runs, 0 hits, 0 errors, 0 left on base; Mexico City 1 - Guadalajara 0 |
TOP OF THE 8TH |
Mexico City Conquistadors batting - Pitching for Guadalajara Marianchis : RHP Glenn Fisher
|
Batting: RHB George Gomez
|
0-0: Ball 1-0: Fly out, F8 (Flyball, 8RD, EV 103.1 MPH)
|
Batting: RHB Chris James
|
0-0: Foul Ball, location: 2F 0-1: Fly out, F4 (Popup, 4D, EV 54.4 MPH)
|
Batting: RHB Mariano Duncan
|
0-0: Foul Ball, location: 2F 0-1: Bunt missed! 0-2: Strikes out swinging
|
Top of the 8th over - 0 runs, 0 hits, 0 errors, 0 left on base; Mexico City 1 - Guadalajara 0 |
BOTTOM OF THE 8TH |
Guadalajara Marianchis batting - Pitching for Mexico City Conquistadors : LHP Dom Chiti
|
Batting: SHB Spike Owen
|
0-0: SINGLE (Groundball, 56D, EV 93.8 MPH)
|
Batting: RHB George Foussianes
|
0-0: Ball 1-0: Ball 2-0: Ball 3-0: Base on Balls Spike Owen to second
|
Batting: RHB Mark Maher
|
0-0: Called Strike 0-1: Swinging Strike 0-2: Ball Wild Pitch! Spike Owen to third George Foussianes to second 1-2: Ground out 1-3 (Groundball, 13S, EV 69.4 MPH)
|
Batting: RHB Jeff Rudolph
|
0-0: Foul Ball, location: 2F 0-1: Ball 1-1: Called Strike 1-2: Ball 2-2: Ball 3-2: Base on Balls
|
Batting: LHB Erik Nelson
|
0-0: Ball 1-0: Ball 2-0: Ball 3-0: Called Strike 3-1: Foul Ball, location: 2F 3-2: Foul Ball, location: 2F 3-2: Foul Ball, location: 2F 3-2: Foul Ball, location: 2F 3-2: Base on Balls Spike Owen scores George Foussianes to third Jeff Rudolph to second
|
Pitching: RHP Mark Ross
|
|
Batting: RHB Jose Gonzalez
|
0-0: Called Strike 0-1: Foul Ball, location: 2F 0-2: Ball 1-2: Ball 2-2: Strikes out swinging
|
Batting: LHB Arnulfo Camacho
|
0-0: Ball 1-0: SINGLE (Groundball, 56S, EV 65.6 MPH) (infield hit) George Foussianes scores Jeff Rudolph to third Erik Nelson to second
|
Batting: RHB Jack Lopez
|
0-0: Ball 1-0: Ball 2-0: Ball 3-0: Called Strike 3-1: Base on Balls Jeff Rudolph scores Erik Nelson to third Arnulfo Camacho to second
|
Batting: RHB Steven Patterson
|
0-0: Foul Ball, location: 2F 0-1: Foul Ball, location: 2F 0-2: Ground out U3 (Groundball, 3, EV 86.9 MPH)
|
Bottom of the 8th over - 3 runs, 2 hits, 0 errors, 3 left on base; Mexico City 1 - Guadalajara 3 |
TOP OF THE 9TH |
Mexico City Conquistadors batting - Pitching for Guadalajara Marianchis : RHP Glenn Fisher
|
Pitching: RHP Kenneth Schultz
|
|
Now at 3B: Kevin Harvey
|
|
Now in CF: Michael Frazier
|
|
Batting: RHB Jorge Villalobos
|
0-0: Called Strike 0-1: Ball 1-1: Foul Ball, location: 2F 1-2: SINGLE (Line Drive, 6D, EV 103.8 MPH)
|
Pinch Hitting: SHB Tom Barrett
|
0-0: Ball 1-0: Foul Ball, location: 2F 1-1: Ball 2-1: Ball 3-1: Base on Balls Jorge Villalobos to second
|
Batting: RHB Jose Maldonado
|
0-0: Ball 1-0: Called Strike 1-1: Ball 2-1: Foul Ball, location: 2F 2-2: Ball 3-2: Foul Ball, location: 2F 3-2: Strikes out swinging
|
Batting: RHB Brad Komminsk
|
0-0: Ball 1-0: Called Strike 1-1: Foul Ball, location: 2F 1-2: Foul Ball, location: 2F 1-2: Foul Ball, location: 2F 1-2: Strikes out looking
|
Batting: RHB German Rivera
|
0-0: Foul Ball, location: 2F 0-1: Ball 1-1: Ball 2-1: Fielders Choice at 2nd, 6-4 (Groundball, 6, EV 87.5 MPH)
|
Top of the 9th over - 0 runs, 1 hit, 0 errors, 2 left on base; Mexico City 1 - Guadalajara 3 |
|